 Dungeon Crawl Stone Soup version 0.30.1-11-g7821555f0a (webtiles) character file.

Game seed: 7102789103740439873

71 bnorton916 the Magician (level 4, -5/24 HPs)
             Began as a Deep Elf Fire Elementalist on Dec 3, 2023.
             Slain by a gnoll
             ... wielding a +0 halberd
              (11 damage)
             ... on level 2 of the Dungeon.
             The game lasted 00:01:19 (1633 turns).

bnorton916 the Magician (DEFE)                      Turns: 1633, Time: 00:01:20

Health: -5/24      AC:  3    Str:  5    XL:     4   Next: 5%
Magic:  2/12       EV: 12    Int: 22    God:
Gold:   139        SH:  0    Dex: 15    Spells: 10/11 levels left

rFire   . . .        (no weapon)
rCold   . . .        (no shield)
rNeg    . . .        a - +0 robe
rPois   .            g - +0 helmet
rElec   .            (no cloak)
rCorr   .            (no gloves)
SInv    .            (no boots)
Will    .....        (no amulet)
Stlth   ++           (no ring)
HPRegen 0.24/turn    (no ring)
MPRegen 0.13/turn

%: no passive effects
@: no status effects
A: no striking features
a: no special abilities


You were on level 2 of the Dungeon.
You visited 1 branch of the dungeon, and saw 2 of its levels.

You collected 139 gold pieces.

Inventory:

Missiles
 f - 6 boomerangs of dispersal
Armour
 a - a +0 robe (worn)
 g - a +0 helmet (worn)
Wands
 l - a wand of mindburst (12)
Scrolls
 c - 2 scrolls of identify {unknown}
 d - a scroll of enchant weapon {unknown}
 j - a scroll of vulnerability {unknown}
 k - 2 scrolls of fear {unknown}
 m - a scroll of noise {unknown}
 o - 2 scrolls of teleportation {unknown}
Potions
 b - a potion of magic
 e - a potion of might {unknown}
 h - a potion of heal wounds {unknown}
 i - 2 potions of degeneration {unknown}
 n - a potion of mutation {unknown}
 p - a potion of curing {unknown}


   Skills:
 - Level 2.4 Dodging
 - Level 2.4 Stealth
 + Level 4.2 Spellcasting
 + Level 2.6 Conjurations
 + Level 4.1 Fire Magic


You had 10 spell levels left.
You knew the following spells:

 Your Spells              Type           Power      Damage    Failure   Level
a - Foxfire               Conj/Fire      76%        2x1d7     2%          1

Your spell library contained the following spells:

 Spells                   Type           Power      Damage    Failure   Level
 Scorch                   Fire           44%        2d6       3%          2
 Necrotise                Necr           16%        1d4       11%         1
 Inner Flame              Hex/Fire       13%        N/A       14%         3
 Volatile Blastmotes      Fire/Tloc      26%        2d12      14%         3
 Flame Wave               Conj/Fire      19%        2d7       26%         4
 Vampiric Draining        Necr           4%         2d6       32%         3
 Agony                    Necr           4%         N/A       97%         5


Dungeon Overview and Level Annotations

Branches:
Dungeon (2/15)

Altars:


Message History

Casting: Foxfire (safe; 2% risk of failure)
Confirm with . or Enter, or press ? or * to list all spells.
You conjure some foxfire!
The foxfire hits the gnoll.
The gnoll is moderately wounded.
The foxfire hits the gnoll but does no damage.
The gnoll is moderately wounded.
The foxfire hits the gnoll but does no damage.
The gnoll is moderately wounded.
The foxfire hits the gnoll.
The gnoll is heavily wounded.
Casting: Foxfire (safe; 2% risk of failure)
Confirm with . or Enter, or press ? or * to list all spells.
You conjure some foxfire!
The foxfire hits the gnoll but does no damage.
The gnoll is heavily wounded.
The foxfire hits the gnoll but does no damage.
The gnoll is heavily wounded.
The gnoll barely misses you.
Casting: Foxfire (safe; 2% risk of failure)
Confirm with . or Enter, or press ? or * to list all spells.
You conjure some foxfire!
The gnoll hits you from afar with a +0 halberd.
The foxfire hits the gnoll but does no damage.
The gnoll is heavily wounded.
The foxfire hits the gnoll but does no damage.
The gnoll is heavily wounded.
The gnoll barely misses you.
Unknown command.
Casting: Foxfire (safe; 2% risk of failure)
Confirm with . or Enter, or press ? or * to list all spells.
You conjure some foxfire!
The gnoll hits you from afar with a +0 halberd!
Ouch! That really hurt!
* * * LOW HITPOINT WARNING * * *
The foxfire hits the gnoll but does no damage.
The gnoll is heavily wounded.
The foxfire hits the gnoll.
The gnoll is heavily wounded.
The gnoll hits you from afar with a +0 halberd!
You die...

....# #.#.##.....#....#.
.#..###### #.#.##.#####.####.
.#.......# #.#............#..
.#.#####.#
#####.###.##########.#
.......#.###...#.###.# ##.#
...............#...#.# ##..#
......###.###..###.#.#
###..##
#.....#.....#..###...#
##...##
#####.##...##...@.#### #..###
. #.#.....#...§.# #.##
#.#######.g...# #.# ####
#....v..)†#.##########.# #...
######.†###........#...###...
....#...........#.#.......
..)..#.....#####>..#.###...
.!.. #.....'.....###.###...
.. #.....#####.###.....).


You could see a gnoll.

Vanquished Creatures
  2 gnolls (D:2)
  3 adders (D:2)
  2 dart slugs (D:2)
  2 bats (D:2)
  2 endoplasms (D:2)
  2 goblins (D:2)
  2 hobgoblins
  3 quokkas
  A ball python (D:2)
  3 frilled lizards (D:2)
  A kobold (D:1)
  A rat (D:2)
24 creatures vanquished.

Vanquished Creatures (others)
  120 foxfires
120 creatures vanquished.

Grand Total: 144 creatures vanquished

Notes
Turn   | Place    | Note
-------+----------+-------------------------------------------
     0 | D:1      | bnorton916 the Deep Elf Fire Elementalist began the quest
                  | for the Orb.
     0 | D:1      | Reached XP level 1. HP: 10/10 MP: 6/6
   750 | D:2      | Reached XP level 2. HP: 15/15 MP: 4/8
   979 | D:2      | Reached XP level 3. HP: 15/19 MP: 6/10
  1624 | D:2      | Reached XP level 4. HP: 24/24 MP: 6/12
  1633 | D:2      | Slain by a gnoll

Illustrated notes

Levels and vault maps discovered:
D:1:      dpeg_arrival_pits, layout_loops_cross
D:2:      layout_basic, minmay_split_cup_large

Skill      XL: |  1  2  3 |
---------------+----------+-----
Conjurations   | 2 |  2.6
Spellcasting   | 4 |  4.2
Fire Magic     | 4 |  4.1
Dodging        | |  2.4
Stealth        | |  2.4

Action                     |  1- 3 |  4- 6 || total
---------------------------+-------+-------++-------
   Cast: Foxfire           |    74 |     5 ||    79
 Armour: Robe              |     6 |       ||     6
  Dodge: Dodged            |    16 |     2 ||    18
